 Dungeon Crawl Stone Soup version 0.21.1-1-g345015f (webtiles) character file.

45 snakesoul the Skirmisher (level 3, -11/29 HPs)
             Began as a Demonspawn Fighter on July 25, 2018.
             Killed from afar by a giant cockroach (34 damage)
             ... with an exploding inner flame
             ... hexed by the player character
             ... on level 2 of the Dungeon.
             The game lasted 00:05:13 (968 turns).

snakesoul the Skirmisher (Demonspawn Fighter)        Turns: 968, Time: 00:05:13

Health: -11/29     AC:  8    Str: 17    XL:     3   Next: 42%
Magic:  3/3        EV:  6    Int:  9    God:
Gold:   50         SH:  8    Dex: 12    Spells: 2/2 levels left

rFire    . . .     SeeInvis .   a - +0 trident
rCold    . . .     Gourm    .   c - +0 shield
rNeg     . . .     Faith    .   b - +0 scale mail
rPois    .         Spirit   .   (no helmet)
rElec    .         Reflect  .   (no cloak)
rCorr    .         Harm     .   (no gloves)
MR       .....                  (no boots)
Stlth    ..........             (no amulet)
HPRegen  0.09/turn              (no ring)
MPRegen  0.08/turn              (no ring)

@: no status effects
A: yellow scales 1, demonic guardian 1
a: no special abilities


You were on level 2 of the Dungeon.
You were not hungry.

You visited 1 branch of the dungeon, and saw 2 of its levels.

You collected 50 gold pieces.

Inventory:

Hand Weapons
 a - a +0 trident (weapon)
Armour
 b - a +0 scale mail (worn)
 c - a +0 shield (worn)
Scrolls
 j - a scroll of immolation
Potions
 d - a potion of might
 e - a potion of berserk rage {unknown}
 g - a potion of degeneration {unknown}
 i - a potion of curing {unknown}
Comestibles
 f - 3 rations
 h - 5 chunks of flesh


   Skills:
 + Level 3.5 Fighting
 * Level 3.0 Polearms
 - Level 2.7 Armour
 - Level 2.7 Shields


You had 2 spell levels left.
You didn't know any spells.

Dungeon Overview and Level Annotations

Branches:
Dungeon (2/15)

Altars:


Innate Abilities, Weirdness & Mutations

You are partially covered in yellow scales. (AC +2)
A weak demonic guardian rushes to your aid.


Message History

The giant cockroach bites you.
Your shield and scale mail prevent you from hitting the giant cockroach.
The giant cockroach is heavily wounded.
You block the giant cockroach's attack.
You barely miss the giant cockroach.
The giant cockroach is heavily wounded.
The giant cockroach bites you. You block the giant cockroach's attack.
Your shield and scale mail prevent you from hitting the giant cockroach.
The giant cockroach is heavily wounded.
You block the giant cockroach's attack.
You closely miss the giant cockroach.
The giant cockroach is heavily wounded.
The giant cockroach bites you but does no damage. x2
An ooze comes into view.
The ooze quivers.
You hit the giant cockroach.
The giant cockroach explodes!
The fiery explosion engulfs you!
Ouch! That really hurt!
You die...

.##......."...............
###........(..............
.........((.............#.
.........(................
..........................
.##.......#...............
..#..†....#......J........
#.........#......#######..
#.........####..@§§# .
#...###......#..§§§.....
+.#.........$...§§§.....
#.....................?.
#.....................#?
#.....................#
..#.#..[.......####...#
#.#.#.........( ...#
#.#(#......


You could see an ooze.

Vanquished Creatures
  2 adders (D:2)
  A leopard gecko (D:2)
  A giant cockroach (D:1)
  5 hobgoblins
  2 jackals (D:2)
  3 kobolds
  A ball python (D:2)
  4 bats
  3 goblins (D:1)
  3 rats (D:2)
25 creatures vanquished.

Notes
Turn   | Place    | Note
-------+----------+-------------------------------------------
     0 | D:1      | snakesoul the Demonspawn Fighter began the quest for the Orb.
     0 | D:1      | Reached XP level 1. HP: 18/18 MP: 1/1
   173 | D:1      | Gained mutation: A weak demonic guardian rushes to your aid. [demonic ancestry]
   173 | D:1      | Reached XP level 2. HP: 21/24 MP: 2/2
   575 | D:2      | Found a faded altar of an unknown god.
   845 | D:2      | Gained mutation: You are partially covered in yellow scales. (AC +2) [demonic ancestry]
   845 | D:2      | Reached XP level 3. HP: 24/29 MP: 3/3
   968 | D:2      | Killed from afar by a giant cockroach

Skill      XL: |  1  2  3 |
---------------+----------+-----
Polearms       | 2 3 |  3.0
Fighting       | |  3.5
Armour         | |  2.7
Shields        | |  2.7

Action                   || total
-------------------------++-------
Melee: Trident           ||   120
  Use: Scroll            ||     2
Armor: Scale mail        ||    49
Dodge: Dodged            ||    29
Block: Shield            ||    53
